Unix NetHack Version 5.0.0-0 post-release - last build Jun 10 2026 00:39:30 (3ee93aec679c4c4259841fe613dc97188e26a321,branch:main).

Game began 2026-06-09 17:12:44, ended 2026-06-13 17:39:47.

Japes, lawful male human Monk

                -----           ------        ---      ------------
                |...            +....+        |.|      |..........|
                |...|           |....|        +.|      +........).|
                |...----- --+----....----+-----.|      -------.----
                |...........!...................|             ###
                -...-@------|-.......-+------|-..               #
                |...|%3.|...%|{......|     |..|.|               #
                |...|.%.|....|.......|     |..|.|               ###
                |...|%%%|._..|.......----+-----.|#           -----|---
                |...|%%!|....|....{......%.%.%...#########0  |.......|
                ....|----------.------+--------%|#        #  |.......|
                |...|.(((|....-.-.(((|   |([%.|.|         ###........|
                |...-.(%(|....|.|.(((|   |*?*.|.|            |.......|
                |...|.(.(|....|%|.(((|   |?)?.-.|            |.......|
                |...-----------.---------------.|            |.......|
                |.....................%.........|            ---------
                ---------------------------------

Japes the Initiate              St:15 Dx:18 Co:13 In:12 Wi:12 Ch:7  Lawful
Dlvl:7  $:0  HP:0(50) Pw:40(40) AC:4  Xp:7/795 T:2628  Burdened Blind

Latest messages:
 You see here a blindfold (for sale, 30 zorkmids).
 "For you, esteemed sir; only 30 zorkmids for this blindfold."
 You have a little trouble lifting v - a blindfold (unpaid, 30 zorkmids).
 What do you want to drop? [$a-zB-IK-NP-Z or ?*]
 You drop a cursed blindfold.
 Aned offers 10 gold pieces for your blindfold.  Sell it? [ynaq] (n)
 You sold a cursed blindfold for 10 gold pieces.
 You see here a bag of tricks (for sale, 150 zorkmids).
 You see here a towel (for sale, 75 zorkmids).
 You bought a blindfold for 30 gold pieces.
 "Thank you for shopping in Aned's hardware store!"
 The door opens.
 "Hello, Japes!  Welcome to Luna's health food store!"
 The raven bites!
 The raven blinds you!
 You hit it.
 It bites!
 It misses!
 You hit it.
 It just misses!
 It misses!
 It bites!
 You hit it.
 It just misses!
 It bites!
 You kill it!
 You try to feel what is lying here on the floor.
 You feel here a raven corpse (no charge).
 You hit it.
 It bites!
 It misses!
 It bites!
 It just misses!
 You kill it!
 Wait!  There's something there you can't see!
 It gets angry!
 What do you want to use or apply? [iq-svzB-FV-XZ or ?*]
 In what direction?
 There is Luna there.
 Status of Luna (neutral, medium):  Level 12  HP 49(49)  AC 0.
 Luna is after your hide, not your gold!
 Besides, you don't have enough to interest her.
 You hear a nearby zap.
 The wand misses you.
 You hear a nearby zap.
 The wand hits you!
 You die...
 Luna takes all your possessions.
 Do you want to see what you had when you died? [ynq] (y)
 Do you want to see your attributes? [ynq] (y)

Inventory:
 Amulets  ('"')
  p - an uncursed amulet of flying
 Weapons  (')')
  j - 2 +0 orcish daggers
  w - the +2 Dragonbane
 Armor    ('[')
  a - an uncursed +2 pair of leather gloves (being worn)
  H - a cursed -1 pair of jumping boots
  I - an uncursed +0 cloak of magic resistance
  b - an uncursed +1 robe (being worn)
 Comestibles  ('%')
  f - 5 uncursed apples
  e - 4 uncursed food rations
  h - 4 uncursed fortune cookies
  g - 6 uncursed oranges
 Scrolls  ('?')
  N - a cursed scroll of confuse monster
  y - 2 cursed scrolls of enchant weapon
  K - a cursed scroll of fire
  M - a cursed scroll of gold detection
  L - 3 cursed scrolls of identify
  x - 3 cursed scrolls of remove curse
 Spellbooks  ('+')
  i - a blessed spellbook of protection
 Potions  ('!')
  R - a cursed potion of booze
  t - a blessed potion of extra healing
  S - a cursed potion of extra healing
  G - a cursed potion of gain energy
  d - 3 uncursed potions of healing
  T - 4 cursed potions of healing
  P - a cursed potion of object detection
  m - an uncursed potion of water
  Q - a potion of unholy water
 Rings    ('=')
  U - an uncursed ring of polymorph control (on right hand)
 Wands    ('/')
  V - a cursed wand of digging (0:7)
  X - a cursed wand of light (0:14)
  r - a wand of magic missile (0:4)
  W - a cursed wand of make invisible (0:6)
  D - a cursed wand of opening (0:5)
  s - a wand of stasis (0:4)
 Tools    ('(')
  E - a cursed bugle
  v - an uncursed blindfold
  C - an uncursed leash
  Z - a cursed magic marker (0:20)
  F - a cursed magic marker (0:19)
  z - a cursed skeleton key
  q - an uncursed stethoscope
 Gems/Stones  ('*')
  l - an uncursed chrysoberyl stone
  c - an uncursed jet stone
  u - an uncursed worthless piece of blue glass
  n - 2 uncursed worthless pieces of green glass
  k - an uncursed worthless piece of white glass
  o - an uncursed worthless piece of yellow glass
  B - a cursed flint stone

Japes the Monk's attributes:

Background:
 You were an Initiate, a level 7 male human Monk.
 You were lawful, on a mission for Shan Lai Ching
 who was opposed by Chih Sung-tzu (neutral) and Huan Ti (chaotic).
 You were left-handed.
 You were in the Gnomish Mines, on level 7.
 You entered the dungeon 2628 turns ago.
 You had 795 experience points, 485 more were needed to attain level 8.

Basics:
 You had 0 out of 50 hit points.
 You had all 40 energy points (spell power).
 Your armor class was 4.
 Your wallet was empty.
 Autopickup was on for '$' plus thrown.

Final Characteristics:
 Your strength was 15 (limit:18/100).
 Your dexterity was 18 (limit:18).
 Your constitution was 13 (limit:18).
 Your intelligence was 12 (limit:18).
 Your wisdom was 12 (limit:18).
 Your charisma was 7 (limit:18).

Final Status:
 You were temporarily blind.
 You weren't hungry.
 You were burdened; movement was slightly slowed.
 You were empty handed.
 You were skilled in martial arts.

Final Attributes:
 You were piously aligned.
 You were sleep resistant.
 You were poison resistant.
 You would have seen invisible when not blind.
 You were warned.
 You were stealthy.
 You were guarded.
 Your spell casting was enhanced by wearing a robe.
 You had polymorph control.
 You were fast.
 You are dead.

Miscellaneous:
 You encountered 2 bones levels.
 Total elapsed playing time was 53 minutes and 14 seconds.

Major events:
 Turn
    1: Japes the lawful male human Monk entered the dungeon
  257: attained the rank of Novice (level 3)
  905: found Dragonbane on the floor
  937: entered the Gnomish Mines
 2261: attained the rank of Initiate (level 6)
 2357: reached Mine Town
 2628: killed by a wand

Spells:
 Name                 Level Category     Fail Retention
 protection             1   clerical       0%  76%-100%

Skills:
 Fighting Skills
   martial arts       [Skilled]
 Weapon Skills
   quarterstaff       [Unskilled]
   spear              [Unskilled]
   crossbow           [Unskilled]
   shuriken           [Unskilled]
 Spellcasting Skills
   attack spells      [Unskilled]
   healing spells     [Basic]
   divination spells  [Unskilled]
   enchantment spells [Unskilled]
   clerical spells    [Unskilled]
   escape spells      [Unskilled]
   matter spells      [Unskilled]

Voluntary challenges:
 Character rerolling was not enabled.
 You followed a strict vegan diet.
 You never hit with a wielded weapon.
 You never genocided any monsters.
 You never polymorphed an object.
 You never changed form.
 You used no wishes.
Achievements:
 You entered a shop.
 You attained the rank of Novice.
 You entered the Gnomish Mines.
 You attained the rank of Initiate.
 You entered Minetown.
 You entered a temple.

 The Dungeons of Doom: levels 1 to 5
    Level 1:
       Some fountains.
    Level 2:
       A general store, a fountain.
    Level 3:
    Level 4:
       A general store.
       Stairs down to The Gnomish Mines.
    Level 5:
 The Gnomish Mines: levels 5 to 7
    Level 5:
       Some graves.
       Final resting place for
          recuerdo-Wiz-Hum-Fem-Neu, killed by a wand,
          IanCurtis-Wiz-Elf-Mal-Cha, killed by a dwarf.
    Level 6:
       A grave.
       Final resting place for
          DiePARTEI-Tou-Hum-Mal-Neu, killed by a gnome.
    Level 7: <- You were here.
       Many shops, a temple and an altar, some fountains.
       Final resting place for
          you, killed by a wand.


Vanquished creatures:
  2 ghosts
  a large mimic
  5 small mimics
  a giant spider
  a lizard
  2 ravens
  a wood nymph
 an orc shaman
  a yellow light
  3 gnome leaders
  3 gnomish wizards
  a kitten
  a dwarf
 an orc zombie
  a dwarf zombie
  2 iguanas
 an acid blob
  a hobgoblin
  a yellow mold
 13 gnomes
  2 jackals
  a fox
  3 goblins
  a sewer rat
  6 grid bugs
  a bat
  a lichen
  a kobold zombie
  4 newts
63 creatures vanquished.

No species were genocided or became extinct.

Game over:
                       ----------
                      /          \
                     /    REST    \
                    /      IN      \
                   /     PEACE      \
                  /                  \
                  |      Japes       |
                  |       0 Au       |
                  | killed by a wand |
                  |                  |
                  |                  |
                  |                  |
                  |       2026       |
                 *|     *  *  *      | *
        _________)/\\_//(\/(/\)/\//\/|_)_______

Goodbye Japes the Monk...

You died in The Gnomish Mines on dungeon level 7 with 3572 points,
and 0 pieces of gold, after 2628 moves.
You were level 7 with a maximum of 50 hit points when you died.

